Cogmind - Beta 16.1 @@@ ROGUE MODE // 2026.02.24 @ 17:25:52 Player: Florist Result: Destroyed by XJ-THP(R) with Subdweller Shrapnel Launcher Performance ------------- Evolutions (0) 0 Regions Visited (2) 400 Robots Destroyed (29) 145 Value Destroyed (650) 650 Prototype IDs (0) 0 Alien Tech Used (0) 0 Bonus (-124) -124 TOTAL SCORE: 1071 Bonus ------- Friendly Fire -124 Cogmind --------- Core Integrity 0/250 Matter 300/300 Energy 145/170 System Corruption 0% Temperature Cool (21) Movement Treading (240) Ox1 Location -10/Subcaves Parts ------- > --- POWER (1) -------- Makeshift Power Source > --- PROPULSION (2) --- Light Treads > --- UTILITY (2) ------ Medium Storage Unit Light Armor Plating > --- WEAPON (2) ------- Subdweller Beam Cannon Subdweller Beam Cannon > --- INVENTORY (10) --- Visual Processing Unit Seismic Detector Scrap Shield Subdweller Beam Cannon Assault Rifle Assault Rifle Barrage Gun Grenade Launcher Subdweller Shrapnel Launcher Peak State ------------ > --- POWER ------------ Makeshift Power Source > --- PROPULSION ------- Light Treads Light Treads > --- UTILITY ---------- Medium Storage Unit Light Armor Plating > --- WEAPON ----------- Subdweller Beam Cannon Subdweller Beam Cannon > --- INVENTORY -------- Heat Sink Visual Processing Unit Seismic Detector Assault Rifle Assault Rifle Assault Rifle Barrage Gun Grenade Launcher Grenade Launcher [Rating: 13] Favorites ----------- Power Ion Engine Engine Ion Engine Propulsion Light Treads Treads Light Treads Utility Medium Storage Unit Device Seismic Detector Storage Medium Storage Unit Protection Light Armor Plating Weapon Medium Laser Energy Gun Medium Laser Energy Cannon Subdweller Beam Cannon Build | -11 -10 -10 ------- Run | Yrd Mat Sub Slots Evolved . | . . . Power . | . . . Propulsion . | . . . Utility . | . . . Weapon . | . . . Parts Attached 17 | 7 5 5 Power 3 | 1 . 2 Engine 3 | 1 . 2 Core . | . . . Reactor . | . . . Propulsion 3 | 2 1 . Treads 3 | 2 1 . Leg . | . . . Wheel . | . . . Hover . | . . . Flight . | . . . Utility 6 | 2 4 . Device 2 | 1 1 . Storage 2 | 1 1 . Processor . | . . . Hackware . | . . . Protection 2 | . 2 . Artifact . | . . . Weapon 5 | 2 . 3 Energy Gun 2 | 2 . . Energy Cannon 3 | . . 3 Ballistic Gun . | . . . Ballistic Cannon . | . . . Launcher . | . . . Special Weapon . | . . . Impact Weapon . | . . . Slashing Weapon . | . . . Piercing Weapon . | . . . Special Melee Weapon . | . . . Unidentified Prototypes . | . . . Parts Lost 5 | . 4 1 Power 1 | . 1 . Propulsion 2 | . 1 1 Utility 2 | . 2 . Weapon . | . . . Highest Loss Streak 3 | . 3 1 To Critical Strikes . | . . . Average Backups 6 | . 6 9 Power . | . . . Propulsion . | . . . Utility 3 | . 3 2 Weapon 3 | . 2 6 Tool/Special . | . . . Unused Backups 11 | . 1 10 Power . | . . . Propulsion . | . . . Utility 3 | . . 3 Weapon 8 | . 1 7 Tool/Special . | . . . Average Slot Usage (%) 96 | . 98 95 Engine 11 | . 12 10 Treads 27 | . 27 27 Device 10 | . 11 8 Storage 14 | . 14 14 Protection 3 | . 1 5 Energy Gun 17 | . 28 2 Energy Cannon 10 | . . 25 Peak Build Rating 13 | 7 8 13 Average Rating 8 | 5 7 11 On Entrance 4 | . 7 6 Avg Prop Armor Cover (%) . | . . . Naked Turns . | . . . Heaviest Build 33 | 15 22 33 Greatest Support 40 | 40 40 40 Greatest Overweight (x) 1 | . . 1 Average Overweight (x) . | . . . Largest Inventory Capacity 10 | 8 10 10 Average Capacity 9 | 7 9 10 Most Carried 10 | 2 10 10 Average Carried 7 | . 6 9 Final Capacity 10 | 8 10 10 Final Carried 10 | 2 8 10 Class Distribution -------------------- 100% | Mutant Dominant Class ---------------- Mutant | -10/Materials Mutant | -10/Subcaves Resources | -11 -10 -10 ----------- Run | Yrd Mat Sub Matter Collected 397 | 270 57 70 Remotely . | . . . Salvage Created 1030 | 212 631 187 Parts 41 | 15 20 6 Haulers Intercepted 2 | . 2 . Recyclers Shooed 2 | . 2 . Parts Field Recycled . | . . . Retrieved Matter . | . . . Parts Self-Destructed . | . . . Prevented . | . . . Parts Restored . | . . . Kills | -11 -10 -10 ------- Run | Yrd Mat Sub Combat Hostiles Destroyed 14 | . 12 2 Melee 1 | . 1 . Guns 9 | . 9 . Classes Destroyed 10 | 3 4 3 Worker 1 | 1 . . Tunneler 5 | 5 . . Hauler 2 | . 2 . Recycler 1 | 1 . . Operator 3 | . 3 . Watcher 1 | . 1 . Grunt 12 | . 12 . Cobbler 1 | . . 1 Subdweller 2 | . . 2 Zionite 2 | . . 2 Best Kill Streak 4 | 4 3 2 Combat Bots Only 4 | . 4 2 Max Kills in Single Turn 1 | 1 1 1 Gunslinging . | . . . Exploded . | . . . Melee 1 | . 1 . Uniques/NPCs Destroyed . | . . . Combat | -11 -10 -10 -------- Run | Yrd Mat Sub Hostile Shots Fired 83 | . 77 6 Missed 13 | . 12 1 Hits 70 | . 65 5 Projectile 70 | . 65 5 AOE 2 | . . 2 Damage Taken 995 | . 816 179 Core 263 | . 178 85 Absorbed by Shields . | . . . Core Remaining (%) 100 | 100 . . Volleys Fired 109 | 15 76 18 Largest 2 | 2 2 2 Hottest 160 | 100 100 160 Shots Fired 213 | 30 150 33 Gun 180 | 30 150 . Cannon 33 | . . 33 Launcher . | . . . Special . | . . . Kinetic . | . . . Thermal 213 | 30 150 33 Explosive . | . . . Electromagnetic . | . . . Robot Hit Streak 12 | 4 10 12 Robot Miss Streak 5 | 2 5 1 Penetration Max . | . . . Secondary Targets 2 | . 2 . Max Gunslinging Chain 1 | . 1 . Shots Hit Robots 135 | 18 99 18 Core Hits 49 | 8 37 4 Critical Kills 2 | . . 2 Critical Parts Destroyed . | . . . Critical Strikes 14 | 1 11 2 Burn 12 | 1 11 . Meltdown 2 | . . 2 Melee Attacks . | . . . Impact . | . . . Slashing . | . . . Piercing . | . . . Sneak Attacks . | . . . Combat Hostiles . | . . . Follow-up Attacks . | . . . Damage Inflicted 1944 | 229 1274 441 Guns 1486 | 229 1257 . Cannons 441 | . . 441 Explosions . | . . . Melee . | . . . Ramming 17 | . 17 . Kinetic . | . . . Thermal 1927 | 229 1257 441 Explosive . | . . . Electromagnetic . | . . . Impact . | . . . Slashing . | . . . Piercing . | . . . Highest Corruption . | . . . Average Corruption . | . . . Corruption Purged . | . . . Corruption Blocked . | . . . Overload Shots . | . . . Overflow Damage . | . . . Projectiles . | . . . Explosions . | . . . Melee . | . . . Knockbacks 1 | . 1 . Impact 1 | . 1 . Kinetic . | . . . Secondary . | . . . Self-Inflicted Damage . | . . . Shots . | . . . Rammed 6 | . 6 . Targets Rammed 7 | . 7 . Kicked . | . . . Crushed 1 | . 1 . Highest Temperature 466 | 195 466 138 Average Temperature 137 | 70 164 53 Received Heat Transfer 465 | . 453 12 Effects 12 | . 12 . Shutdowns 3 | . 3 . Energy Bleed 3 | . 3 . Interference 5 | . 5 . Damage (minor) 1 | . 1 . Siege Activations . | . . . Martial Activations . | . . . Shielding Activations . | . . . Robots Disrupted . | . . . Combat Hostiles . | . . . Robots Corrupted . | . . . Combat Hostiles . | . . . Parts Fried . | . . . Impact Corruptions . | . . . Robots Melted 4 | . 2 2 Combat Hostiles 4 | . 2 2 Parts Melted 17 | . 13 4 Heat Transferred 5809 | 740 4477 592 Parts Sabotaged . | . . . Parts Stolen . | . . . Parts Stripped . | . . . Power Chain Reactions . | . . . Alert | -11 -10 -10 ------- Run | Yrd Mat Sub Maximum Alert Level . | . . . Low Security (%) 100 | 100 100 . Level 1 . | . . . Level 2 . | . . . Level 3 . | . . . Level 4 . | . . . Level 5 . | . . . High Security . | . . . Max Security . | . . . Peak Influence 124 | 10 124 . Initial . | . . . Average 24 | 1 28 . Influence Increases 455 | 35 420 . Destroy 0b10 Robot/C 240 | . 240 . Destroy 0b10 Robot/NC 65 | 35 30 . Destroy Leader 76 | . 76 . Successful Hack 13 | . 13 . Select Force Hacks 30 | . 30 . Destroy Structure 1 | . 1 . Lose Combat Pursuer 30 | . 30 . Influence Decreases 455 | 35 320 100 Entered New Map 48 | . . 48 Time Decay 367 | 35 280 52 Lost Part 40 | . 40 . Squads Dispatched 5 | . 5 . Investigation 1 | . 1 . Extermination . | . . . Reinforcement 4 | . 4 . Assault . | . . . Garrison . | . . . Intercept . | . . . Searches Triggered . | . . . Construction Impeded . | . . . Haulers Reinforced . | . . . Active Scanning Responses . | . . . Cargo Convoy Interrupts . | . . . Stealth | -11 -10 -10 --------- Run | Yrd Mat Sub Distress Signals 2 | . 2 . Communications Jammed . | . . . Distress Signals . | . . . Times Spotted 27 | . 24 3 Peak Tracking Total 5 | . 5 1 Tactical Retreats 1 | . 1 . Traps | -11 -10 -10 ------- Run | Yrd Mat Sub Traps Triggered . | . . . Indirectly . | . . . Trap Hack Attempts . | . . . Triggered . | . . . Disarmed . | . . . Reprogrammed . | . . . Reused . | . . . Traps Extracted . | . . . Installed . | . . . Triggered . | . . . Machines | -11 -10 -10 ---------- Run | Yrd Mat Sub Machines Disabled . | . . . Max in Single Turn . | . . . Machines Repaired . | . . . Machines Dismantled . | . . . Machines Sabotaged . | . . . Overloaded Fab Kills . | . . . Hacking | -11 -10 -10 --------- Run | Yrd Mat Sub Machines Accessed 4 | . 4 . Terminals 3 | . 3 . Fabricators . | . . . Repair Stations . | . . . Recycling Units 1 | . 1 . Scanalyzers . | . . . Garrison Access . | . . . Total Hacks 12 | . 12 . Successful 9 | . 9 . Failed 3 | . 3 . Catastrophic . | . . . Database Lockouts . | . . . Manual 12 | . 12 . Terminals 11 | . 11 . Fabricators . | . . . Repair Stations . | . . . Recycling Units 1 | . 1 . Scanalyzers . | . . . Garrison Access . | . . . Terminal Hacks 2 | . 2 . Robot Analysis 2 | . 2 . Fabricator Hacks . | . . . Repair Station Hacks . | . . . Recycling Unit Hacks . | . . . Scanalyzer . | . . . Garrison Access Hacks . | . . . Unauthorized Hacks 7 | . 7 . Terminals 6 | . 6 . Botnet 3 | . 3 . Skim 3 | . 3 . Fabricators . | . . . Repair Stations . | . . . Recycling Units 1 | . 1 . Tunnel 1 | . 1 . Scanalyzers . | . . . Garrison Access . | . . . Data Cores Recovered . | . . . Used . | . . . Hacking Detections 3 | . 3 . Full Trace Events . | . . . Feedback Events . | . . . Feedback Blocked . | . . . Robot Schematics Acquired . | . . . Robots Built . | . . . Authchips . | . . . Time . | . . . Total Robot Build Rating . | . . . Part Schematics Acquired . | . . . Parts Built . | . . . Authchips . | . . . Time . | . . . Total Part Build Rating . | . . . Part Studies Acquired . | . . . Parts Repaired . | . . . Time . | . . . Parts Recycled . | . . . Recycled Matter . | . . . Retrieved Matter . | . . . Retrieved Components . | . . . Parts Scanalyzed . | . . . Part Schematics Acquired . | . . . Parts Damaged . | . . . Bothacking | -11 -10 -10 ------------ Run | Yrd Mat Sub Used RIF Installer . | . . . Robots Hacked . | . . . Non-combat . | . . . Combat . | . . . Robot Hacks Applied . | . . . Relay Couplers Released . | . . . Fabnet Peak Effective % . | . . . Robots Rewired . | . . . Allies Hacked . | . . . Hacks Repelled . | . . . Allies | -11 -10 -10 -------- Run | Yrd Mat Sub Total Allies . | . . . Largest Group . | . . . Highest-Rated Group . | . . . Highest-Rated Ally . | . . . Total Orders . | . . . Ally Attacks . | . . . Total Damage . | . . . Kills . | . . . Allies Corrupted . | . . . Allies Melted . | . . . Intel | -11 -10 -10 ------- Run | Yrd Mat Sub Active Infowar (turns) 1687 | 95 1028 564 Seismic 1687 | 95 1028 564 Robot Analysis Total 2 | . 2 . Derelict Logs Recovered 1 | . . 1 Drone Launches . | . . . Drone Recoveries . | . . . Exploration | -11 -10 -10 ------------- Run | Yrd Mat Sub Turns Passed 2340 | 210 1240 890 Spaces Moved 1070 | 100 567 403 Core 6 | 6 . . Treads 1064 | 94 567 403 Legs . | . . . Wheels . | . . . Hover . | . . . Flight . | . . . Fastest Speed 50 | 50 160 160 Average Speed 160 | 153 160 163 Slowest Speed 240 | 160 160 240 Overloaded Moves . | . . . Propulsion Burnouts . | . . . Robots Hopped . | . . . Potential Cave-ins . | . . . Cave-ins Triggered . | . . . Exploration Rate (%) 38 | 5 81 30 Regions Visited 2 Branch Regions 1 Pre-discovered Areas 2 | . 1 1 Known Exits Taken . | . . . Unknown Exits Taken 2 | 1 1 . Scrap Searched 4 | . . 4 Spaces Dug . | . . . Terrain Destroyed 3 | . . 3 Melee . | . . . Projectile 3 | . . 3 AOE . | . . . Terrain Rammed . | . . . Walls Destroyed . | . . . Machines Disabled . | . . . Actions | -11 -10 -10 --------- Run | Yrd Mat Sub Total 1470 | 123 745 602 Wait 241 | . 78 163 Move 1068 | 99 566 403 Hop . | . . . Pick Up 17 | 2 10 5 Fast Attach 9 | 7 . 2 Attach 4 | . 3 1 Detach . | . . . Swap 7 | . 3 4 Drop 8 | . 2 6 Fire 109 | 15 76 18 Melee . | . . . Ram . | . . . Kick . | . . . Crush 7 | . 7 . Escape Stasis . | . . . Rewire . | . . . Trap . | . . . Miscellaneous . | . . . Route ------- -11/Scrapyard -10/Materials (discovered 4 exits: [*Mat x2] / [*Min] / [*Sub]) -10/Subcaves (discovered 2 exits: [*Mat x2]) History --------- Turn | Location | Event 6 | -11/Scrapyard | Discovered new exit (range 15) 211 | -11/Scrapyard | Entered Materials 308 | -10/Materials | Build established: Mutant 370 | -10/Materials | Discovered new exit (range 10) 705 | -10/Materials | Discovered new exit (range 5) 888 | -10/Materials | Discovered new exit (range 16) 1318 | -10/Materials | Core integrity fell below 50% 1385 | -10/Materials | Lost 3 parts (1p2u) 1433 | -10/Materials | Discovered new exit (range 4) 1451 | -10/Materials | Entered Subcaves 1452 | -10/Subcaves | Shifting Twisted Machinery released Sub. Beam Cannon 1453 | -10/Subcaves | Shifting Twisted Machinery released Barrage Gun 1617 | -10/Subcaves | Discovered new exit (range 10) 1622 | -10/Subcaves | Learned location of Zion (-7) 1622 | -10/Subcaves | Met a Zionite searching for "candidates" 1626 | -10/Subcaves | Discovered new exit (range 5) 1778 | -10/Subcaves | Learned Materials stockpile data 1976 | -10/Subcaves | Curiously followed by a Cobbler waking with a query about "LVR3C" 2101 | -10/Subcaves | Shifting Twisted Machinery released Sub. Shrapnel Launcher 2341 | -10/Subcaves | Destroyed by XJ-THP(R) with Subdweller Shrapnel Launcher Last Messages --------------- 02086_ 5X-0P3(O) puts together Mak. Shrapnel Gun. Sub. Shrapnel Launcher falls loose from the Twisted Machinery. 02103_ Dropped Assault Rifle. 02104_ Acquired Sub. Beam Cannon. 02154_ 5X-0P3(O) collects matter. 02154_ Dropped Grenade Launcher. 02155_ Acquired Sub. Shrapnel Launcher. 02190_ S7-VDY(O) cries out in pain. 02190_ S7-VDY(O) destroyed. 02224_ Subatomizers dissect the Wheel. 02259_ Sub. Beam Cannon shoots sparks and powers down. 02269_ BS-3Z1(R): "WEHOME!" 02278_ BS-3Z1(R) suffers critical hit (Meltdown). 02278_ Sub. Optics melted. 02282_ Acquired 20 matter. 02288_ Lgt. Treads destroyed. 02290_ 73-RC9(R) suffers critical hit (Meltdown). 02290_ Sub. Optics melted. 02290_ Disposable Heat Sink melted. 02290_ Sub. Monowheel melted. Map ----- +----------------------------------------------------+ | ?????????????????????????????????????????????? | | ?????????????????????????????????????????????? | | ?????????????????????????????????????????????? | | ?????????????????????????????????????????????? | | ?????????????????????????????????????????????? | | ?????????????????????????????????????????????? | | ?????????????????????????????????????????????? | | ?????????????????????????????????????????????? | | ?????????????????????????????????????????????? | | ?????????????????????????????????????????????? | | ?????????????????????????????????????????????? | | ?????????????????????????????????????????????? | | ?????????????????????????????????????????????? | | ###########??????????????????????????????????? | | ##?????????????????????????????????? | | #?????????????????????????????????? | | #??###########????????????????????? | | #???# #????????????????????? | | ##???# #????????????????????? | | ##???## #????????????????????? | | ## ### ;###??????????????????? | | ## ## % # ##?????????????????? | | ## ## #?????????????????? | | ## ### ##?????????????????? | | #??# #?????????????????? | | ##?## ## | @ #?????????????????? | | ###"" ##"" # ##; ;;#????????????????? | | ##""### #### ; ; #????????????????? | | ##"""##" #?# ; ;;#????????????????? | | ## #" "#" ""##?##; ;#????????????????? | | ## " &%" """"#??; ; ????????????????? | | = &% """"#??# ;;##???????????????? | | |%[ "###[""##""#? ????????????????? | | # * "#### ##?"""? ????????????????? | | ## " #####?????? ???????????????? | | ?### " " ]"#????????# ???????????????? | | ???# """ ##????????## ???????????????? | | ??## "" ##??????????? ??????????????? | | ?# ##???????????? R #??????????????? | | ### #####????????????? #???????????????? | | #?# #????????????????? ?????????????????? | | ?## ""#?????????????????????????????????????? | | ??#####?????????????????????????????????????? | | ???????????????????????????????????????????? | | ????????????????????????????????????????????? | | ?????????????????????????????????????????????? | | ?????????????????????????????????????????????? | | ?????????????????????????????????????????????? | | ?????????????????????????????????????????????? | | ?????????????????????????????????????????????? | +----------------------------------------------------+ Best States ------------- Heat Dissipation 25 Energy Generation 15 Energy Capacity 250 Matter Stores 300 Matter Capacity 300 Sight Range 16 Terrain Scan Density 10 Armor Coverage 150 Evasion (%) 40 Recoil Reduction 2 Item Schematics ----------------- None Robot Schematics ------------------ None Fabricated ------------ Nothing Repaired ---------- Nothing Studied --------- None Alien Tech Used ----------------- None Achievements -------------- None Challenges ------------ None Game ------ Seed PrecisionZioniteFlakker Manual? 0 Play Time 00:12:13 Cumulative 288.2 hours Start 2026.02.24 @ 17:11:18 End 2026.02.24 @ 17:25:52 Sessions 1 Manual Loads 0 Difficulty Rogue Special Mode None Game No. 236 Rogue 236 Adventurer 0 Explorer 0 Win Type - Total 16 Types 7/0/7/2/0/0/0/0/0/0 Lore% 82 Gallery% 72 Achievement% 56 Wizard Run 0 Options --------- Layout 1 ASCII 0 Keyboard 0 Movement Numpad Keybinds 0 Fullscreen 1 Font 32/SmallcapsGlow Map View 77x35 Zoom Use 0% Tactical HUD 1 Map Filters NONE Filters NONE Steam 1 RUN: 860a53da-510a-45ab-99df-024e5308fa18